 Dungeon Crawl Stone Soup version 0.20.0-8-g6b59dc7 (webtiles) character file.

751 zhorgal the Cleaver (level 7, 0/90 HPs)
             Began as a Hill Orc Fighter on June 2, 2017.
             Was an Initiate of Makhleb.
             Succumbed to a gnoll sergeant's poison
             ... on level 6 of the Dungeon.
             The game lasted 00:18:16 (5351 turns).

zhorgal the Cleaver (Hill Orc Fighter)              Turns: 5351, Time: 00:18:17

Health: 0/90       AC: 12    Str: 26    XL:     7   Next: 78%
Magic:  7/7        EV:  6    Int:  8    God:    Makhleb [......]
Gold:   298        SH: 10    Dex: 10    Spells: 6/6 levels left

rFire    . . .     SeeInvis .   a - +0 war axe
rCold    . . .     Gourm    .   c - +0 shield
rNeg     . . .     Faith    .   y - +0 chain mail
rPois    .         Spirit   .   o - +1 hat
rElec    .         Reflect  .   n - +0 cloak
rCorr    .         Harm     .   G - +0 pair of gloves
MR       .....                  (no boots)
Stlth    ..........             (no amulet)
Regen    0.3/turn               B - ring of flight
MPRegen  0.1/turn               (no ring)

@: berserking (expiring), lethally poisoned (0 -> -14), hasted, very quick
A: no striking features
a: Renounce Religion, Evoke Flight


You were on level 6 of the Dungeon.
You worshipped Makhleb.
Makhleb was noncommittal.
You were not hungry.

You visited 2 branches of the dungeon, and saw 7 of its levels.

You collected 298 gold pieces.

Inventory:

Hand Weapons
 a - a +0 war axe (weapon)
 v - a +0 blowgun
Missiles
 w - 24 poisoned needles
 D - 7 curare-tipped needles
 E - 4 tomahawks (quivered)
Armour
 c - a +0 shield (worn)
 n - a +0 cloak (worn)
 o - a +1 hat (worn)
 y - a +0 chain mail (worn)
 G - a +0 pair of gloves (worn)
Jewellery
 B - a ring of flight (left hand)
Scrolls
 e - a scroll of recharging
 i - 5 scrolls of remove curse
 l - 4 scrolls of teleportation
 q - 5 scrolls of identify {unknown}
 t - 2 scrolls of blinking
 x - 3 scrolls of magic mapping
 I - a scroll of fog
Potions
 b - a potion of lignification {unknown}
 d - a potion of might
 j - a potion of ambrosia {unknown}
 k - a potion of mutation {unknown}
 m - a potion of heal wounds {unknown}
 s - a potion of invisibility {unknown}
 z - 2 potions of haste
 A - a potion of cancellation
Comestibles
 f - 2 bread rations
 p - a meat ration
 r - 2 royal jellies
 C - 4 fruits


   Skills:
 + Level 4.4 Fighting
 * Level 9.8 Axes
 + Level 4.1 Armour
 + Level 4.1 Shields


You had 6 spell levels left.
You didn't know any spells.

Dungeon Overview and Level Annotations

Branches:
Dungeon (6/15)             Temple (1/1) D:5

Altars:
Ashenzari
Cheibriados
Elyvilon
Fedhas
Gozag
Hepliaklqana
Kikubaaqudgha
Makhleb
Qazlal
Sif Muna
Trog
Uskayaw
Yredelemnul
Zin
The Shining One


Message History

You feel sick.
It was a potion of berserk rage.
A red film seems to cover your vision as you go berserk!
You feel yourself moving faster!
You feel mighty!
* * * LOW HITPOINT WARNING * * *
You feel sick.
You are too berserk!
You eat one of the 3 bread rations.
That bread ration really hit the spot!
You feel a strong urge to attack something.
* * * LOW HITPOINT WARNING * * *
You feel sick.
Unknown command.
Unknown command.
Unknown command.
Unknown command.
You are too berserk!
* * * LOW HITPOINT WARNING * * *
You feel sick.
You feel your anger subside.
You die...

#.............#
#.............#
#.####..#######
#.#####.##
.........#
.........##
..........#
..........#
........@)#
#.#######)## #.
#.....# #.....# #
#.....#####.##
#.....#.......
####.....#.......
.................
####.............


There were no monsters in sight!

Vanquished Creatures
  An ogre (D:5)
  Blork the orc (D:5)
  A gnoll sergeant (D:6)
  A scorpion (D:4)
  2 howler monkeys
  2 hounds
  An orc priest (D:3)
  A bullfrog skeleton (D:5)
  An iguana (D:5)
  An orc wizard (D:5)
  2 worker ants
  5 adders
  3 gnolls (D:6)
  An ooze (D:1)
  An adder skeleton (D:5)
  A worm (D:2)
  2 dart slugs
  5 leopard geckos
  14 orcs
  2 bats
  6 giant cockroaches
  2 goblins (D:2)
  8 hobgoblins
  10 jackals
  13 kobolds
  5 quokkas
  4 frilled lizards
  A leopard gecko zombie (D:5)
  7 rats
104 creatures vanquished.

Notes
Turn   | Place    | Note
-------+----------+-------------------------------------------
     0 | D:1      | zhorgal the Hill Orc Fighter began the quest for the Orb.
     0 | D:1      | Reached XP level 1. HP: 19/19 MP: 1/1
    51 | D:1      | Reached skill level 3 in Axes
   161 | D:1      | Reached XP level 2. HP: 26/26 MP: 2/2
   189 | D:1      | Reached skill level 4 in Axes
   592 | D:1      | Reached XP level 3. HP: 31/31 MP: 3/3
   794 | D:2      | Reached skill level 5 in Axes
  1031 | D:2      | Reached XP level 4. HP: 28/39 MP: 4/4
  1445 | D:2      | Reached skill level 6 in Axes
  1792 | D:3      | Found a shattered altar of Ashenzari.
  1855 | D:3      | Found a snail-covered altar of Cheibriados.
  2051 | D:3      | Reached XP level 5. HP: 45/45 MP: 5/5
  2343 | D:3      | Reached skill level 7 in Axes
  2631 | D:3      | Found an ancient bone altar of Kikubaaqudgha.
  3297 | D:4      | Reached skill level 8 in Axes
  3297 | D:4      | Reached XP level 6. HP: 50/51 MP: 6/6
  3748 | D:4      | Found a deep blue altar of Sif Muna.
  3787 | D:5      | Entered Level 5 of the Dungeon
  3796 | D:5      | Reached skill level 9 in Axes
  4076 | D:5      | Noticed Blork the orc
  4087 | D:5      | Killed Blork the orc
  4087 | D:5      | Reached XP level 7. HP: 46/58 MP: 7/7
  4413 | D:5      | Found a staircase to the Ecumenical Temple.
  4419 | Temple   | Entered the Ecumenical Temple
  4538 | Temple   | Became a worshipper of Makhleb the Destroyer
  4998 | D:5      | Found a hide-covered altar of Uskayaw.
  4998 | D:5      | Found an opulent altar of Gozag.
  5264 | D:6      | Found a stormy altar of Qazlal.
  5347 | D:6      | HP: 3/60 [poisoned by a gnoll sergeant]
  5350 | D:6      | HP: 1/90 [poisoned by a gnoll sergeant]
  5351 | D:6      | Succumbed to a gnoll sergeant's poison

Skill      XL: |  1  2  3  4  5  6  7 |
---------------+----------------------+-----
Axes           | 3 4 5 6 8 9 |  9.8
Fighting       | 4 |  4.4
Armour         | 4 |  4.1
Shields        | 4 |  4.1

Action                   |  1- 3 |  4- 6 |  7- 9 || total
-------------------------+-------+-------+-------++-------
Melee: War axe           |   128 |   170 |    60 ||   358
  Use: Scroll            |       |       |     7 ||     7
       Potion            |       |       |     4 ||     4
  Eat: Chunk             |     1 |     9 |     4 ||    14
       Bread ration      |       |       |     1 ||     1
Armor: Scale mail        |    59 |    56 |       ||   115
       Chain mail        |       |    22 |    24 ||    46
Dodge: Dodged            |    38 |    44 |    10 ||    92
Block: Shield            |    56 |    70 |    21 ||   147
